 Dungeon Crawl Stone Soup version 0.29.0-11-gd7f09526c8 (webtiles) character file.

Game seed: 5415689021190713469

566 Flugkiller the Chopper (level 7, -8/62 HPs)
             Began as a Minotaur Fighter on Sept 6, 2022.
             Mangled by an ogre
             ... wielding a +0 giant club
              (25 damage)
             ... on level 5 of the Dungeon.
             The game lasted 00:01:25 (3576 turns).

Flugkiller the Chopper (Minotaur Fighter)           Turns: 3576, Time: 00:01:25

Health: -8/62      AC: 13    Str: 20    XL:     7   Next: 10%
Magic:  6/6        EV:  5    Int:  5    God:
Gold:   100        SH:  4    Dex: 12    Spells: 6/6 levels left

rFire   . . .      SeeInvis .   a - +0 war axe
rCold   . . .      Faith    .   c - +0 buckler
rNeg    . . .      Spirit   .   r - +0 plate armour
rPois   .          Reflect  .   (helmet restricted)
rElec   .          Harm     .   (no cloak)
rCorr   .          Rampage  .   j - +0 pair of gloves
Will    .....                   (no boots)
Stlth   ..........              (no amulet)
HPRegen 0.20/turn               (no ring)
MPRegen 0.10/turn               (no ring)

@: no status effects
A: horns 2, retaliatory headbutt
a: no special abilities


You were on level 5 of the Dungeon.
You visited 1 branch of the dungeon, and saw 5 of its levels.

You collected 196 gold pieces.
You spent 96 gold pieces at shops.

Inventory:

Hand Weapons
 a - a +0 war axe (weapon)
Armour
 c - a +0 buckler (worn)
 j - a +0 pair of gloves (worn)
   (You found it on level 1 of the Dungeon)
 r - a +0 plate armour (worn)
   (You found it on level 2 of the Dungeon)
Jewellery
 i - a ring of see invisible
   (You found it on level 1 of the Dungeon)
Wands
 o - a wand of paralysis (21)
   (You found it on level 2 of the Dungeon)
Scrolls
 e - a scroll of vulnerability {unknown}
 f - 6 scrolls of identify {unknown}
 k - a scroll of fear {unknown}
 n - 2 scrolls of poison {unknown}
 p - a scroll of amnesia {unknown}
 s - 2 scrolls of noise {unknown}
 t - 3 scrolls of teleportation {unknown}
 x - a scroll of blinking {unknown}
Potions
 b - 2 potions of invisibility {unknown}
 d - a potion of might
 g - 2 potions of resistance {unknown}
 h - a potion of degeneration {unknown}
 l - 2 potions of lignification {unknown}
 m - 2 potions of flight {unknown}
 q - a potion of curing
 u - a potion of attraction {unknown}
 v - a potion of mutation {unknown}
 w - 2 potions of heal wounds


   Skills:
 + Level 5.7 Fighting
 * Level 6.9 Axes
 + Level 5.8 Armour
 - Level 3.6 Shields


You had 6 spell levels left.
You didn't know any spells.
Your spell library was empty.

Dungeon Overview and Level Annotations

Branches:
Dungeon (5/15)
 Temple: D:4-7

Altars:

Shops:
D:3 !


Innate Abilities, Weirdness & Mutations

You have a pair of horns on your head.
You reflexively headbutt those who attack you in melee.


Message History

You kill the orc priest!
You miss the adder. You slash the centaur!
The centaur hits you but does no damage.
The centaur kicks you but does no damage.
The adder bites you but does no damage.
The centaur hits you but does no damage.
The centaur kicks you but does no damage.
You closely miss the centaur. Your headbutt misses the centaur.
The centaur is severely wounded.
You hit the orc. You barely miss the adder. The adder closely misses you.
The centaur completely misses you.
The centaur kicks you but does no damage.
The orc hits you but does no damage. The adder bites you.
The orc hits you but does no damage.
The centaur hits you but does no damage.
The centaur kicks you but does no damage.
You slash the centaur!
You kill the centaur!
You barely miss the orc. You barely miss the adder.
The adder bites you but does no damage. The orc hits you but does no damage.
The adder bites you but does no damage.
You closely miss the adder. You hit the iguana. You hit the orc.
You kill the orc!
The adder bites you but does no damage. You block the iguana's attack.
You slash the iguana! You headbutt the iguana.
The iguana is almost dead.
You barely miss the adder. The adder bites you but does no damage.
The iguana bites you. The adder bites you but does no damage.
You hit the adder.
The adder is heavily wounded.
You hit the iguana.
You kill the iguana!
The adder bites you but does no damage.
You have reached level 7!
You miss the adder. Your headbutt misses the adder.
The adder is heavily wounded.
The adder barely misses you. The adder bites you but does no damage.
You hit the adder.
The adder is almost dead.
The adder bites you.
You miss the adder.
The adder is almost dead.
You block the adder's attack. The adder bites you but does no damage.
You closely miss the adder.
The adder is almost dead.
A hound comes into view.
The adder bites you but does no damage. The adder bites you but does no damage.
You hit the adder.
You kill the adder!
You slash the hound!
The hound is almost dead.
The hound bites you. x2
The hound bites you but does no damage. The hound barely misses you.
You furiously retaliate!
You headbutt the hound.
You kill the hound!
Things that are here:
a +0 dagger; a +0 robe No target in view!
No target in view!
No target in view!
You start resting.
HP restored.
There is a stone staircase leading down here.
f - 6 scrolls labelled RAMURGH KUTWIU (gained 1)
You now have 85 gold pieces (gained 10).
You now have 100 gold pieces (gained 15).
An ogre comes into view. It is wielding a +0 giant club.
The ogre shouts!
An ogre is nearby!
An ogre is nearby!
An ogre is nearby!
A shadow imp comes into view.
The shadow imp shouts, "Scamper hence, thou yeasty doghearted wastrel!"
Found a long sword.
The ogre hits you with a +0 giant club.
The shadow imp shouts, "Crawl home, thou paunchy unchin-snouted giglet!"
You barely miss the ogre. You headbutt the ogre!
The ogre is moderately wounded.
The ogre hits you with a +0 giant club!
You barely miss the ogre.
The ogre is moderately wounded.
You barely miss the ogre.
The ogre is moderately wounded.
The ogre hits you with a +0 giant club!!
* * * LOW HITPOINT WARNING * * *
You are too injured to fight recklessly!
You are too injured to fight recklessly!
You are too injured to fight recklessly!
You hit the ogre.
The ogre is moderately wounded.
You hit the shadow imp.
The shadow imp hits you but does no damage.
The ogre barely misses you. The shadow imp gestures at you.
You struggle to resist.
You hit the ogre but do no damage.
The ogre is moderately wounded.
You barely miss the shadow imp.
The ogre hits you with a +0 giant club!!
You die...

.......#.........#
#...#.
................##
#...))
#........#........>...#.
#.......##......####..##
###.........#..### #.
...........##..# ..
..#........##.... ..
)#.............. ...
........@.....#.
##.....?O5....#
..............#
.....#........#
.#...#........# #..
##.......# #. ...#.#....
#.##.###..


You could see an ogre and a shadow imp.

Vanquished Creatures
  A centaur (D:5)
  A phantom (D:4)
  A necrophage (D:4)
  2 orc priests
  A hound (D:5)
  3 iguanas
  An orc wizard (D:5)
  6 adders
  5 worms
  A dart slug (D:2)
  13 orcs
  5 ball pythons
  10 endoplasms
  5 giant cockroaches
  7 goblins
  6 hobgoblins
  4 quokkas
  5 bats
  4 frilled lizards
  5 kobolds
  8 rats
94 creatures vanquished.

Notes
Turn   | Place    | Note
-------+----------+-------------------------------------------
     0 | D:1      | Flugkiller the Minotaur Fighter began the quest for the
                  | Orb.
     0 | D:1      | Reached XP level 1. HP: 19/19 MP: 0/0
   250 | D:1      | Reached skill level 3 in Axes
   250 | D:1      | Reached XP level 2. HP: 27/27 MP: 1/1
   538 | D:1      | Found a faded altar of an unknown god.
   667 | D:2      | Reached XP level 3. HP: 33/33 MP: 2/2
  1097 | D:2      | Reached skill level 4 in Axes
  1356 | D:3      | Reached XP level 4. HP: 40/40 MP: 3/3
  1393 | D:3      | Found Waoraloh's Distillery.
  1405 | D:3      | Bought a potion of curing for 36 gold pieces
  1405 | D:3      | Bought a potion of heal wounds for 60 gold pieces
  2181 | D:4      | Reached XP level 5. HP: 39/47 MP: 4/4
  2442 | D:4      | Reached skill level 5 in Axes
  2646 | D:4      | Noticed a phantom
  2656 | D:4      | Killed a phantom
  2657 | D:4      | Reached skill level 5 in Fighting
  2657 | D:4      | Reached skill level 5 in Armour
  2700 | D:4      | Reached XP level 6. HP: 56/56 MP: 5/5
  2899 | D:4      | Reached skill level 6 in Axes
  3311 | D:5      | Entered Level 5 of the Dungeon
  3371 | D:5      | Reached XP level 7. HP: 41/62 MP: 6/6
  3576 | D:5      | Mangled by an ogre

Illustrated notes

Levels and vault maps discovered:
D:1:      wander_arrival_lonely_grave, layout_basic,
          ebering_ecumenical_altar_webs, roderic_three_in_a_row, minmay_ruptured
D:2:      layout_rooms, chequers_garden, minmay_misc_feat_alley,
          minmay_pentomino_z2
D:3:      layout_basic, serial_shops, nicolae_square_shop
D:4:      layout_layer_cave
D:5:      layout_cave_pools, zin_angel, uniq_pikel

Skill      XL: |  1  2  3  4  5  6 |
---------------+-------------------+-----
Axes           | 3 4 5 6 |  6.9
Armour         | 4 5 |  5.8
Fighting       | 4 5 |  5.7
Shields        | |  3.6

Action                   |  1- 3 |  4- 6 |  7- 9 || total
-------------------------+-------+-------+-------++-------
Melee: War axe           |    81 |   115 |    11 ||   207
       Headbutt          |    12 |    20 |     1 ||    33
  Use: Potion            |       |     1 |       ||     1
Armor: Scale mail        |    28 |       |       ||    28
       Plate armour      |    11 |    94 |     6 ||   111
Dodge: Dodged            |    32 |    28 |     3 ||    63
Block: Buckler           |    13 |    22 |     1 ||    36
